 Dungeon Crawl Stone Soup version 0.28.0 (webtiles) character file.

Game seed: 13469128492786839145

4818 Ablot the Magician (level 10, -2/79 HPs)
             Began as a Gnoll Warper on Feb 17, 2022.
             Was a Follower of Okawaru.
             Succumbed to a kobold brigand's curare-tipped dart
             ... on level 9 of the Dungeon.
             The game lasted 00:21:24 (11541 turns).

Ablot the Magician (Gnoll Warper)                  Turns: 11541, Time: 00:21:24

Health: -2/79      AC: 15    Str: 20    XL:     10   Next: 48%
Magic:  19/21      EV: 16    Int: 14    God:    Okawaru [*.....]
Gold:   586        SH:  5    Dex: 11    Spells: 17/23 levels left

rFire   . . .      SeeInvis .   a - +2 spear (venom)
rCold   . . .      Faith    .   (no shield)
rNeg    + . .      Spirit   .   b - +0 robe "Ylic" {rElec Will+ Slay+2 Archmagi}
rPois   .          Reflect  +   o - +1 helmet
rElec   +          Harm     .   D - +0 cloak
rCorr   .          Rampage  .   H - +5 pair of gloves of Old and Reckless {Stlth+}
Will    +....      Archmagi +   h - +0 pair of boots
Stlth   +++++.....              E - amulet of reflection
HPRegen 0.23/turn               B - +6 ring of strength
MPRegen 0.17/turn               s - ring of positive energy

@: lethally poisoned (-2 -> -25), heroic, slowed, studying Shields, very slow
A: fangs 1, strong nose, distributed training
a: Renounce Religion, Heroism


You were on level 9 of the Dungeon.
You worshipped Okawaru.
Okawaru was aware of your devotion.
You visited 2 branches of the dungeon, and saw 10 of its levels.
You also visited: Ossuary.

You collected 586 gold pieces.

Inventory:

Hand Weapons
 a - a +2 spear of venom (weapon)
 p - a +2 dagger of draining
 O - a +2 long sword of holy wrath
Missiles
 d - 5 boomerangs of dispersal
 g - 342 stones
 l - 151 arrows
 n - 79 sling bullets
 t - 35 bolts
 y - 2 curare-tipped darts
 J - 2 poisoned darts (quivered)
 K - a throwing net
Armour
 b - the +0 robe "Ylic" (worn) {rElec Will+ Slay+2 Archmagi}
   (You found it on level 4 of the Dungeon)

   Slay:      It affects your accuracy & damage with ranged weapons and melee
   (+2).
   rElec:     It insulates you from electricity.
   Archmagi:  It increases the power of your magical spells.
   Will:      It increases your willpower.
 h - a +0 pair of boots (worn)
 o - a +1 helmet (worn)
 D - a +0 cloak (worn)
 H - the +5 pair of gloves of Old and Reckless (worn) {Stlth+}
   (You found it on level 6 of the Dungeon)

   Stlth:     It makes you more stealthy.
Jewellery
 s - a ring of positive energy (right hand)
 B - a +6 ring of strength (left hand)
 E - an amulet of reflection (around neck)
 P - a ring of see invisible
Wands
 M - a wand of flame (26)
 R - a wand of acid (7)
Scrolls
 c - 4 scrolls of blinking
 e - 6 scrolls of enchant weapon {unknown}
 f - 10 scrolls of identify {unknown}
 k - 2 scrolls of noise {unknown}
 m - 2 scrolls of summoning {unknown}
 r - 2 scrolls of vulnerability {unknown}
 u - 4 scrolls of teleportation {unknown}
 v - 4 scrolls of amnesia {unknown}
 C - a scroll of magic mapping {unknown}
 G - a scroll of enchant armour {unknown}
 N - a scroll of fear {unknown}
 Q - a scroll of acquirement {unknown}
Potions
 i - a potion of haste {unknown}
 j - 2 potions of flight {unknown}
 q - a potion of heal wounds {unknown}
 w - 2 potions of brilliance {unknown}
 x - 2 potions of degeneration {unknown}
 z - 3 potions of curing
 A - a potion of mutation {unknown}
 F - a potion of attraction {unknown}
 I - a potion of ambrosia {unknown}
 L - 2 potions of resistance


   Skills:
 + Level 7.1(12.1) Fighting
 + Level 5.3(10.3) Short Blades
 + Level 5.3(10.3) Long Blades
 + Level 5.3(10.3) Axes
 + Level 5.3(10.3) Maces & Flails
 + Level 7.1(12.1) Polearms
 + Level 5.3(10.3) Staves
 + Level 5.3(10.3) Slings
 + Level 5.3(10.3) Bows
 + Level 5.3(10.3) Crossbows
 + Level 6.0(11.0) Throwing
 + Level 6.0(11.0) Armour
 + Level 7.1(12.1) Dodging
 + Level 5.3(10.3) Stealth
 + Level 6.0(11.0) Shields
 + Level 5.3(10.3) Unarmed Combat
 + Level 7.4 Spellcasting
 + Level 4.4 Conjurations
 + Level 4.4 Hexes
 + Level 4.4 Summonings
 + Level 4.4 Necromancy
 + Level 7.1 Translocations
 + Level 4.4 Transmutations
 + Level 4.4 Fire Magic
 + Level 4.4 Ice Magic
 + Level 4.4 Air Magic
 + Level 4.4 Earth Magic
 + Level 4.4 Poison Magic
 + Level 5.8 Invocations
 + Level 5.3 Evocations


You had 17 spell levels left.
You knew the following spells:

 Your Spells              Type           Power      Damage    Failure   Level
a - Blink                 Tloc           74%        N/A       1%          2
b - Freeze                Ice            100%       1d11      2%          1
c - Gell's Gravitas       Tloc           37%        N/A       2%          3

Your spell library contained the following spells:

 Spells                   Type           Power      Damage    Failure   Level
 Magic Dart               Conj           100%       1d8       2%          1
 Shock                    Conj/Air       100%       1d9       2%          1
 Lesser Beckoning         Tloc           37%        N/A       2%          3
 Teleport Other           Tloc           37%        N/A       2%          3
 Frozen Ramparts          Ice            52%        1d7       7%          3
 Mephitic Cloud           Conj/Pois/Air  26%        N/A       7%          3
 Swiftness                Air            26%        N/A       7%          3
 Manifold Assault         Tloc           37%        N/A       21%         5
 Airstrike                Air            13%        N/A       22%         4
 Hailstorm                Conj/Ice       26%        3d7       22%         4
 Call Imp                 Summ           Unusable   N/A       N/A         2

Dungeon Overview and Level Annotations

Branches:
Dungeon (9/15)             Temple (1/1) D:7         Ossuary (visited)
   Lair: D:8-11         Orc: D:9-12

Altars:
Ashenzari
Cheibriados
Dithmenos
Elyvilon
Fedhas
Gozag
Hepliaklqana
Kikubaaqudgha
Makhleb
Nemelex Xobeh
Okawaru
Qazlal
Ru
Sif Muna
Trog
Uskayaw
Vehumet
Wu Jian
Xom
Yredelemnul
Zin
The Shining One

Shops:
D:5 *

Annotations:
D:7 exclusion: 3 lemures
D:8 exclusion: two-headed ogre


Innate Abilities, Weirdness & Mutations

You have very sharp teeth.
Your uncanny sense of smell can sniff out nearby items.
Your experience applies equally to all skills.


Message History

You feel very sick.
The kobold demonologist hits you but does no damage.
You are more poisoned.
You hit the kobold demonologist.
The kobold demonologist looks as sick as possible!
The kobold demonologist is heavily wounded.
You feel very sick.
The kobold demonologist barely misses you.
You barely miss the kobold demonologist.
You bite the kobold demonologist, but do no damage.
The kobold demonologist is heavily wounded.
* * * LOW HITPOINT WARNING * * *
You feel very sick.
The kobold demonologist hits you but does no damage.
Unknown command.
You hit the kobold demonologist.
The kobold demonologist looks as sick as possible!
The kobold demonologist is almost dead.
* * * LOW HITPOINT WARNING * * *
You feel very sick.
The kobold demonologist closely misses you.
Unknown command.
You barely miss the kobold demonologist.
You bite the kobold demonologist, but do no damage.
The kobold demonologist is almost dead.
* * * LOW HITPOINT WARNING * * *
You feel very sick.
You kill the kobold demonologist!
Okawaru accepts your kill.
The kobold brigand throws a curare-tipped dart.
The curare-tipped dart hits you.
You are lethally poisoned!
You have difficulty breathing.
* * * LOW HITPOINT WARNING * * *
You feel as though you will be slow longer.
Your Throwing skill increases to level 6!
Your Armour skill increases to level 6!
Your Shields skill increases to level 6!
You gain the combat prowess of a mighty hero.
You die...

#....#
#......... .K##
###.##
#........# ...
#.# ....... ###
..# #.# #.K K.
#.# # #K# )#
#.### #.##.##.#
#...# #..KK..)#
###.#
#######K#### #.#
#....@)K#
#.######.#######
#........#
##########


You could see 2 kobold brigands.

Vanquished Creatures
  A kobold demonologist (D:9)
  A vampire mosquito (D:6)
  4 water moccasins
  An orc warrior (D:8)
  2 sky beasts
  5 ice beasts
  2 necrophages
  5 ogres
  2 centaurs
  2 phantoms
  2 elf zombies (Ossuary)
  2 kobold brigands
  5 bullfrogs
  A gnoll sergeant (D:7)
  A water moccasin zombie (D:6)
  3 scorpions
  A wyvern skeleton (D:5)
  A water moccasin skeleton (D:4)
  A howler monkey (D:9)
  8 crimson imps (D:7)
  3 centaur zombies
  A human zombie (Ossuary)
  3 gnoll shamans
  2 jellies
  An orc priest (D:8)
  Jessica (D:3)
  5 iguanas
  5 orc wizards
  3 hound zombies (Ossuary)
  2 hound skeletons (D:4)
  3 mummies (Ossuary)
  A howler monkey zombie (D:9)
  18 gnolls
  4 adders
  A shadow imp (D:7)
  An ufetubus (D:6)
  3 adder zombies (Ossuary)
  2 worms
  4 dart slugs
  18 orcs
  5 bats
  11 endoplasms
  3 giant cockroaches
  3 gnoll zombies (Ossuary)
  6 goblins
  3 hobgoblins
  7 ball pythons
  3 frilled lizards (D:1)
  6 goblin zombies (Ossuary)
  2 hobgoblin zombies (Ossuary)
  A jackal zombie (Ossuary)
  14 kobolds
  2 kobold zombies (Ossuary)
  3 orc zombies (Ossuary)
  A quokka skeleton (D:4)
  3 quokka zombies (Ossuary)
  6 rats
  5 rat zombies (Ossuary)
215 creatures vanquished.

Notes
Turn   | Place    | Note
-------+----------+-------------------------------------------
     0 | D:1      | Ablot the Gnoll Warper began the quest for the Orb.
     0 | D:1      | Reached XP level 1. HP: 20/20 MP: 6/6
   202 | D:1      | Reached XP level 2. HP: 24/26 MP: 7/7
   206 | D:1      | Learned a level 2 spell: Blink
   663 | D:1      | Found a faded altar of an unknown god.
   767 | D:1      | Reached XP level 3. HP: 31/31 MP: 9/9
  1045 | D:2      | Reached skill level 5 in Spellcasting
  1267 | D:2      | Reached skill level 1 in Invocations
  1566 | D:2      | Reached skill level 1 in Short Blades
  1566 | D:2      | Reached skill level 1 in Long Blades
  1566 | D:2      | Reached skill level 1 in Axes
  1566 | D:2      | Reached skill level 1 in Maces & Flails
  1566 | D:2      | Reached skill level 1 in Staves
  1566 | D:2      | Reached skill level 1 in Slings
  1566 | D:2      | Reached skill level 1 in Bows
  1566 | D:2      | Reached skill level 1 in Crossbows
  1566 | D:2      | Reached skill level 1 in Stealth
  1566 | D:2      | Reached skill level 1 in Shields
  1566 | D:2      | Reached skill level 1 in Unarmed Combat
  1566 | D:2      | Reached skill level 1 in Evocations
  1630 | D:2      | Reached XP level 4. HP: 38/38 MP: 11/11
  2293 | D:3      | Noticed Jessica
  2321 | D:3      | Killed Jessica
  2322 | D:3      | Reached skill level 1 in Conjurations
  2322 | D:3      | Reached skill level 1 in Hexes
  2322 | D:3      | Reached skill level 1 in Summonings
  2322 | D:3      | Reached skill level 1 in Necromancy
  2322 | D:3      | Reached skill level 1 in Transmutations
  2322 | D:3      | Reached skill level 1 in Fire Magic
  2322 | D:3      | Reached skill level 1 in Ice Magic
  2322 | D:3      | Reached skill level 1 in Air Magic
  2322 | D:3      | Reached skill level 1 in Earth Magic
  2322 | D:3      | Reached skill level 1 in Poison Magic
  2471 | D:3      | Found a glowing golden altar of the Shining One.
  2493 | D:2      | Reached XP level 5. HP: 22/43 MP: 12/12
  3808 | D:4      | Identified the +0 robe "Ylic" {rElec Will+ Slay+2 Archmagi}
  3823 | D:4      | Found a sand-covered staircase.
  3864 | D:3      | Reached XP level 6. HP: 33/50 MP: 13/13
  3999 | Ossuary  | Entered an ossuary
  4095 | Ossuary  | Reached skill level 5 in Fighting
  4095 | Ossuary  | Reached skill level 5 in Polearms
  4095 | Ossuary  | Reached skill level 5 in Dodging
  4458 | Ossuary  | Reached XP level 7. HP: 54/56 MP: 15/15
  5078 | D:4      | Found a burning altar of Makhleb.
  5572 | D:4      | Reached XP level 8. HP: 36/62 MP: 16/16
  5734 | D:4      | Found an ornate altar of the Wu Jian Council.
  6000 | D:5      | Entered Level 5 of the Dungeon
  6181 | D:4      | Learned a level 1 spell: Freeze
  6331 | D:5      | Found Zin's Purification Station.
  6462 | D:5      | Found a glowing silver altar of Zin.
  6888 | D:5      | Found a radiant altar of Vehumet.
  6909 | D:5      | Found a sparkling altar of Nemelex Xobeh.
  7302 | D:6      | Identified the +5 pair of gloves of Old and Reckless
                  | {Stlth+}
  7332 | D:6      | Reached XP level 9. HP: 50/69 MP: 18/18
  7496 | D:6      | Found a broken altar of Ashenzari.
  7942 | D:6      | Found a shadowy altar of Dithmenos.
  8058 | D:6      | Reached skill level 5 in Throwing
  8058 | D:6      | Reached skill level 5 in Armour
  8445 | D:6      | Reached skill level 5 in Invocations
  8998 | D:7      | Found a staircase to the Ecumenical Temple.
  9046 | Temple   | Entered the Ecumenical Temple
  9226 | Temple   | Became a worshipper of Warmaster Okawaru
  9283 | D:7      | Reached skill level 5 in Shields
  9283 | D:7      | Reached XP level 10. HP: 77/77 MP: 20/20
  9293 | D:7      | Learned a level 3 spell: Gell's Gravitas
  9530 | D:7      | Reached skill level 5 in Short Blades
  9530 | D:7      | Reached skill level 5 in Long Blades
  9530 | D:7      | Reached skill level 5 in Axes
  9530 | D:7      | Reached skill level 5 in Maces & Flails
  9530 | D:7      | Reached skill level 5 in Staves
  9530 | D:7      | Reached skill level 5 in Slings
  9530 | D:7      | Reached skill level 5 in Bows
  9530 | D:7      | Reached skill level 5 in Crossbows
  9530 | D:7      | Reached skill level 5 in Stealth
  9530 | D:7      | Reached skill level 5 in Unarmed Combat
  9530 | D:7      | Reached skill level 5 in Evocations
 10313 | D:8      | Found a bloodstained altar of Trog.
 10407 | D:8      | Found a white marble altar of Elyvilon.
 10429 | D:8      | Reached * piety under Okawaru
 10499 | D:8      | Noticed a two-headed ogre
 11329 | D:9      | Noticed a gargoyle
 11528 | D:9      | Noticed a kobold demonologist
 11540 | D:9      | Killed a kobold demonologist
 11541 | D:9      | Succumbed to a kobold brigand's curare-tipped dart

Illustrated notes

Levels and vault maps discovered:
D:1:      minmay_arrival_checkered_box, layout_basic,
          shapermc_ecumenical_altar_flowoftime
D:2:      layout_basic
D:3:      layout_basic, mainiacjoe_overflow_small_starburst, uniq_jessica
D:4:      layout_cave_pools, nicolae_overflow_squiral,
          nicolae_ossuary_entry_ruins, minmay_statues_item
D:5:      layout_loops_ring, amcnicky_altar_gilded, mainiacjoe_overflow_catwalk,
          zin_purify, minivault_1
D:6:      layout_basic, cheibrodos_ashenzari_chains,
          nicolae_overflow_crystal_walls, minmay_manual_moon
D:7:      layout_loops_cross, minmay_temple_entry_steel_oval,
          grunt_ministairs_6, minmay_nine_imps, uniq_pikel,
          uniq_crazy_yiuf_cottage
D:8:      layout_cave_pods, trog_three_pillars_becter, elyvilon_altar_5
D:9:      layout_loops_cross
Temple:   minmay_temple_bridge_abc

Skill      XL: |  1  2  3  4  5  6  7  8  9 10 |
---------------+-------------------------------+-----
Spellcasting   | 5 6 7 |  7.4
Invocations    | 1 2 3 4 5 |  5.8
Short Blades   | 1 2 3 4 5 |  5.3
Long Blades    | 1 2 3 4 5 |  5.3
Axes           | 1 2 3 4 5 |  5.3
Maces & Flails | 1 2 3 4 5 |  5.3
Staves         | 1 2 3 4 5 |  5.3
Slings         | 1 2 3 4 5 |  5.3
Bows           | 1 2 3 4 5 |  5.3
Crossbows      | 1 2 3 4 5 |  5.3
Stealth        | 1 2 3 4 5 |  5.3
Shields        | 1 2 3 5 6 |  6.0
Unarmed Combat | 1 2 3 4 5 |  5.3
Evocations     | 1 2 3 4 5 |  5.3
Conjurations   | 1 2 3 4 |  4.4
Hexes          | 1 2 3 4 |  4.4
Summonings     | 1 2 3 4 |  4.4
Necromancy     | 1 2 3 4 |  4.4
Transmutations | 1 2 3 4 |  4.4
Fire Magic     | 1 2 3 4 |  4.4
Ice Magic      | 1 2 3 4 |  4.4
Air Magic      | 1 2 3 4 |  4.4
Earth Magic    | 1 2 3 4 |  4.4
Poison Magic   | 1 2 3 4 |  4.4
Throwing       | 3 4 5 6 |  6.0
Armour         | 3 4 5 6 |  6.0
Fighting       | 5 6 7 |  7.1
Polearms       | 5 6 7 |  7.1
Dodging        | 5 6 7 |  7.1
Translocations | 6 7 |  7.1

Action                   |  1- 3 |  4- 6 |  7- 9 | 10-12 || total
-------------------------+-------+-------+-------+-------++-------
Melee: Spear             |   114 |    26 |   158 |   204 ||   502
       Bite              |     2 |    30 |    58 |    24 ||   114
       Punch             |     2 |     4 |     8 |     6 ||    20
       Dagger            |       |   146 |   210 |       ||   356
       Trident           |       |    83 |    68 |       ||   151
Throw: Dart              |       |       |     3 |       ||     3
Invok: Heroism           |       |       |       |     1 ||     1
 Stab: Sleeping          |       |     4 |    10 |     6 ||    20
Armor: Leather armour    |    19 |    29 |       |       ||    48
       Robe              |       |    41 |    88 |    52 ||   181
Dodge: Dodged            |    41 |   124 |   178 |    91 ||   434
Block: Other             |       |       |    28 |    26 ||    54
       Reflection        |       |       |     2 |     1 ||     3
